| TOP OF THE 1ST |
|
Clemson University Tigers batting - Pitching for Washington State University Cougars : RHP Manuel Santiago
|
|
Pitching: RHP Manuel Santiago
|
|
|
Batting: LHB Mario Nunez
|
0-0: Reached on error, E4 (Groundball, 4, EV 79.4 MPH)
|
|
Batting: RHB Josh LeSage
|
0-0: SINGLE (Groundball, 56S, EV 69.4 MPH) (infield hit) Mario Nunez to third
|
|
Batting: RHB Marco Maggs
|
0-0: Ball 1-0: Fly out, F9 (Flyball, 9D, EV 99.4 MPH) Runner from 3rd tags up, SCORES, throw by RF
|
|
Batting: RHB David Rhodes
|
0-0: Fly out, F6 (Popup, 6MS, EV 69.4 MPH)
|
|
Batting: LHB Steve Gates
|
0-0: Ball Pickoff Throw by Catcher to First - Error! E2 Josh LeSage to second 1-0: Ball 2-0: Ground out 6-3 (Groundball, 6, EV 86.2 MPH)
|
| Top of the 1st over - 1 run, 1 hit, 2 errors, 1 left on base; Clemson University 1 - Washington State University 0 |
| BOTTOM OF THE 1ST |
|
Washington State University Cougars batting - Pitching for Clemson University Tigers : RHP Luis Yanez
|
|
Pitching: RHP Luis Yanez
|
|
|
Batting: LHB David Jackson
|
0-0: Ball 1-0: Swinging Strike 1-1: Ball 2-1: Ball 3-1: Swinging Strike 3-2: Base on Balls
|
|
Batting: RHB Mas Langat
|
0-0: Ball 1-0: Fly out, F7 (Flyball, 7D, EV 95.6 MPH)
|
|
Batting: LHB Scott Spillers
|
0-0: Called Strike 0-1: Grounds into double play, 4-6-3 (Groundball, 34, EV 97.5 MPH)
|
| Bottom of the 1st over - 0 runs, 0 hits, 0 errors, 0 left on base; Clemson University 1 - Washington State University 0 |
| TOP OF THE 2ND |
|
Clemson University Tigers batting - Pitching for Washington State University Cougars : RHP Manuel Santiago
|
|
Batting: RHB Jason Duncan
|
0-0: Ball 1-0: Ball 2-0: Foul Ball, location: 2F 2-1: Foul Ball, location: 2F 2-2: Fly out, F7 (Flyball, 78M, EV 87.5 MPH)
|
|
Batting: LHB George Jedinak
|
0-0: Ball 1-0: Foul Ball, location: 2F 1-1: Foul Ball, location: 2F 1-2: Ground out 1-3 (Groundball, 15S, EV 62.5 MPH)
|
|
Batting: RHB Jose Rolon
|
0-0: Called Strike 0-1: Ball 1-1: Fly out, F8 (Line Drive, 8LD, EV 88.8 MPH)
|
| Top of the 2nd over - 0 runs, 0 hits, 0 errors, 0 left on base; Clemson University 1 - Washington State University 0 |
| BOTTOM OF THE 2ND |
|
Washington State University Cougars batting - Pitching for Clemson University Tigers : RHP Luis Yanez
|
|
Batting: SHB Juan Delanoval
|
0-0: SINGLE (Flyball, 78S, EV 94.4 MPH)
|
|
Batting: LHB Israel Ariza
|
0-0: Ball Passed Ball! Juan Delanoval to second 1-0: Called Strike 1-1: Swinging Strike 1-2: Ball 2-2: Strikes out swinging
|
|
Batting: RHB Miguel Paredes
|
0-0: 2-RUN HOME RUN (Flyball, 7D, EV 94.4 MPH), Distance : 383 ft
|
|
Batting: LHB Rex Creswell
|
0-0: Ball 1-0: Ball 2-0: Ball 3-0: Foul Ball, location: 2F 3-1: Ground out U3 (Groundball, 3, EV 108.8 MPH)
|
|
Batting: RHB Ron Essink
|
0-0: Called Strike 0-1: Ball 1-1: Ground out 5-3 (Groundball, 56S, EV 90.0 MPH)
|
| Bottom of the 2nd over - 2 runs, 2 hits, 0 errors, 0 left on base; Clemson University 1 - Washington State University 2 |
| TOP OF THE 3RD |
|
Clemson University Tigers batting - Pitching for Washington State University Cougars : RHP Manuel Santiago
|
|
Batting: RHB Willis Suarez
|
0-0: Ball 1-0: Foul Ball, location: 2F 1-1: Swinging Strike 1-2: Ground out 6-3 (Groundball, 6, EV 83.8 MPH)
|
|
Batting: LHB Mario Nunez
|
0-0: Ball 1-0: Ground out 4-3 (Groundball, 4, EV 85.6 MPH)
|
|
Batting: RHB Josh LeSage
|
0-0: Reached on error, E6 (Groundball, 6, EV 85.0 MPH)
|
|
Batting: RHB Marco Maggs
|
0-0: Ball 1-0: Foul Ball, location: 2F 1-1: Ball 2-1: Foul Ball, location: 2F 2-2: Foul Ball, location: 2F 2-2: Fly out, F9 (Line Drive, 89S, EV 101.2 MPH)
|
| Top of the 3rd over - 0 runs, 0 hits, 1 error, 1 left on base; Clemson University 1 - Washington State University 2 |
| BOTTOM OF THE 3RD |
|
Washington State University Cougars batting - Pitching for Clemson University Tigers : RHP Luis Yanez
|
|
Batting: RHB Joe Weber
|
0-0: Ball 1-0: Foul Ball, location: 2F 1-1: Ball 2-1: Ground out 5-3 (Groundball, 5, EV 82.5 MPH)
|
|
Batting: LHB David Jackson
|
0-0: Ball 1-0: Called Strike 1-1: Ball 2-1: Foul Ball, location: 2F 2-2: Ball 3-2: SINGLE (Groundball, 4M, EV 102.5 MPH) (infield hit)
|
|
Batting: RHB Mas Langat
|
0-0: Ball 1-0: Called Strike 1-1: Swinging Strike 1-2: 2-RUN HOME RUN (Flyball, 7D, EV 110.0 MPH), Distance : 399 ft
|
|
Batting: LHB Scott Spillers
|
0-0: Foul Ball, location: 2F 0-1: Foul Ball, location: 2F 0-2: Ball 1-2: Ball 2-2: DOUBLE (Flyball, 78XD, EV 103.8 MPH)
|
|
Batting: SHB Juan Delanoval
|
0-0: Called Strike 0-1: Foul Ball, location: 2F 0-2: Ball 1-2: Ball 2-2: Foul Ball, location: 2F 2-2: Foul Ball, location: 2F 2-2: Foul Ball, location: 2F 2-2: Ball 3-2: Fly out, F8 (Flyball, 8RD, EV 103.1 MPH)
|
|
Batting: LHB Israel Ariza
|
0-0: Foul Ball, location: 2F 0-1: SINGLE (Line Drive, 78S, EV 86.9 MPH) Scott Spillers to third
|
|
Batting: RHB Miguel Paredes
|
0-0: Ball 1-0: Called Strike 1-1: Fly out, F8 (Flyball, 8RM, EV 83.8 MPH)
|
| Bottom of the 3rd over - 2 runs, 4 hits, 0 errors, 2 left on base; Clemson University 1 - Washington State University 4 |
| TOP OF THE 4TH |
|
Clemson University Tigers batting - Pitching for Washington State University Cougars : RHP Manuel Santiago
|
|
Batting: RHB David Rhodes
|
0-0: Swinging Strike 0-1: Called Strike 0-2: Strikes out looking
|
|
Batting: LHB Steve Gates
|
0-0: Foul Ball, location: 2F 0-1: Called Strike 0-2: Ball 1-2: Fly out, F9 (Flyball, 9D, EV 97.5 MPH)
|
|
Batting: RHB Jason Duncan
|
0-0: Called Strike 0-1: Ball 1-1: Ground out 6-3 (Groundball, 6, EV 89.4 MPH)
|
| Top of the 4th over - 0 runs, 0 hits, 0 errors, 0 left on base; Clemson University 1 - Washington State University 4 |
| BOTTOM OF THE 4TH |
|
Washington State University Cougars batting - Pitching for Clemson University Tigers : RHP Luis Yanez
|
|
Batting: LHB Rex Creswell
|
0-0: Swinging Strike 0-1: Called Strike 0-2: Ball 1-2: Hit by Pitch
|
|
Batting: RHB Ron Essink
|
0-0: Fly out, F6 (Popup, 15, EV 78.1 MPH)
|
|
Batting: RHB Joe Weber
|
0-0: Called Strike 0-1: Ball 1-1: SINGLE (Groundball, 6D, EV 107.5 MPH) Rex Creswell to second Runner from 2nd tries for 3rd, SAFE, no throw by CF
|
|
Batting: LHB David Jackson
|
0-0: Ball 1-0: Ball 2-0: Called Strike 2-1: Called Strike 2-2: Foul Ball, location: 2F 2-2: Foul Ball, location: 2F 2-2: Ball 3-2: Fly out, F9 (Line Drive, 9S, EV 101.9 MPH)
|
|
Batting: RHB Mas Langat
|
0-0: Fielders Choice at 2nd, 5-4 (Groundball, 56, EV 99.4 MPH)
|
| Bottom of the 4th over - 0 runs, 1 hit, 0 errors, 2 left on base; Clemson University 1 - Washington State University 4 |
| TOP OF THE 5TH |
|
Clemson University Tigers batting - Pitching for Washington State University Cougars : RHP Manuel Santiago
|
|
Batting: LHB George Jedinak
|
0-0: Called Strike 0-1: SOLO HOME RUN (Flyball, 9D, EV 105.6 MPH), Distance : 393 ft
|
|
Batting: RHB Jose Rolon
|
0-0: Ground out 5-3 (Groundball, 56, EV 86.2 MPH)
|
|
Batting: RHB Willis Suarez
|
0-0: Called Strike 0-1: Foul Ball, location: 2F 0-2: Strikes out swinging
|
|
Batting: LHB Mario Nunez
|
0-0: Foul Ball, location: 2F 0-1: Ball 1-1: Ball 2-1: Called Strike 2-2: Ground out 4-3 (Groundball, 4, EV 86.2 MPH)
|
| Top of the 5th over - 1 run, 1 hit, 0 errors, 0 left on base; Clemson University 2 - Washington State University 4 |
| BOTTOM OF THE 5TH |
|
Washington State University Cougars batting - Pitching for Clemson University Tigers : RHP Luis Yanez
|
|
Batting: LHB Scott Spillers
|
0-0: Foul Ball, location: 2F 0-1: Ball 1-1: Ball 2-1: Foul Ball, location: 2F 2-2: Strikes out swinging
|
|
Batting: SHB Juan Delanoval
|
0-0: Called Strike 0-1: Foul Ball, location: 2F 0-2: Strikes out swinging
|
|
Batting: LHB Israel Ariza
|
0-0: Ball 1-0: SOLO HOME RUN (Flyball, 9D, EV 105.6 MPH), Distance : 392 ft
|
|
Pitching: RHP Santos Gonzales
|
|
|
Batting: RHB Miguel Paredes
|
0-0: Fly out, F8 (Flyball, 8LXD, EV 106.2 MPH)
|
| Bottom of the 5th over - 1 run, 1 hit, 0 errors, 0 left on base; Clemson University 2 - Washington State University 5 |
| TOP OF THE 6TH |
|
Clemson University Tigers batting - Pitching for Washington State University Cougars : RHP Manuel Santiago
|
|
Batting: RHB Josh LeSage
|
0-0: Ground out 3-1 (Groundball, 34, EV 77.5 MPH)
|
|
Batting: RHB Marco Maggs
|
0-0: Called Strike 0-1: Foul Ball, location: 2F 0-2: Ball 1-2: Ball 2-2: Foul Ball, location: 2F 2-2: SOLO HOME RUN (Flyball, 7D, EV 115.6 MPH), Distance : 428 ft
|
|
Batting: RHB David Rhodes
|
0-0: Ball 1-0: Ground out 6-3 (Groundball, 6, EV 103.1 MPH)
|
|
Batting: LHB Steve Gates
|
0-0: Swinging Strike 0-1: Ball 1-1: Foul Ball, location: 2F 1-2: Foul Ball, location: 2F 1-2: Strikes out swinging
|
| Top of the 6th over - 1 run, 1 hit, 0 errors, 0 left on base; Clemson University 3 - Washington State University 5 |
| BOTTOM OF THE 6TH |
|
Washington State University Cougars batting - Pitching for Clemson University Tigers : RHP Santos Gonzales
|
|
Batting: LHB Rex Creswell
|
0-0: Ball 1-0: Ball 2-0: Ball 3-0: Base on Balls
|
|
Batting: RHB Ron Essink
|
0-0: Foul Ball, location: 2F 0-1: Ball Wild Pitch! Rex Creswell to second 1-1: Called Strike 1-2: Ball Wild Pitch! Rex Creswell to third 2-2: Ball 3-2: Fly out, F7 (Line Drive, 7, EV 88.8 MPH) Runner from 3rd tags up, SCORES, throw by LF
|
|
Batting: RHB Joe Weber
|
0-0: Ball 1-0: Ball 2-0: Ball 3-0: Called Strike 3-1: Called Strike 3-2: Fly out, F8 (Line Drive, 8LM, EV 91.9 MPH)
|
|
Batting: LHB David Jackson
|
0-0: Foul Ball, location: 2F 0-1: Ground out 6-3 (Groundball, 6M, EV 101.9 MPH)
|
| Bottom of the 6th over - 1 run, 0 hits, 0 errors, 0 left on base; Clemson University 3 - Washington State University 6 |
| TOP OF THE 7TH |
|
Clemson University Tigers batting - Pitching for Washington State University Cougars : RHP Manuel Santiago
|
|
Batting: RHB Jason Duncan
|
0-0: Swinging Strike 0-1: Swinging Strike 0-2: Ball 1-2: Foul Ball, location: 2F 1-2: Foul Ball, location: 2F 1-2: Foul Ball, location: 2F 1-2: Fly out, F7 (Flyball, 78S, EV 84.4 MPH)
|
|
Batting: LHB George Jedinak
|
0-0: Ball 1-0: SINGLE (Groundball, 34D, EV 94.4 MPH)
|
|
Batting: RHB Jose Rolon
|
0-0: DOUBLE (Flyball, 78D, EV 110.6 MPH) George Jedinak to third
|
|
Batting: RHB Willis Suarez
|
0-0: Ball 1-0: Called Strike 1-1: Foul Ball, location: 2F 1-2: Fly out, F7 (Flyball, 78S, EV 83.8 MPH)
|
|
Pitching: LHP Scott Bradley
|
|
|
Batting: LHB Mario Nunez
|
0-0: Ball 1-0: Ground out 6-3 (Groundball, 6, EV 79.4 MPH)
|
| Top of the 7th over - 0 runs, 2 hits, 0 errors, 2 left on base; Clemson University 3 - Washington State University 6 |
| BOTTOM OF THE 7TH |
|
Washington State University Cougars batting - Pitching for Clemson University Tigers : RHP Santos Gonzales
|
|
Batting: RHB Mas Langat
|
0-0: Ball 1-0: Ground out 6-3 (Groundball, 6, EV 111.2 MPH)
|
|
Batting: LHB Scott Spillers
|
0-0: Called Strike 0-1: Foul Ball, location: 2F 0-2: Ball 1-2: Ball 2-2: SINGLE (Groundball, 4M, EV 95.0 MPH)
|
|
Batting: SHB Juan Delanoval
|
0-0: Swinging Strike 0-1: Ball 1-1: Ball 2-1: Foul Ball, location: 2F 2-2: Foul Ball, location: 2F 2-2: Fly out, F2 (Popup, 23F, EV 82.5 MPH)
|
|
Pitching: RHP George Garrett
|
|
|
Batting: LHB Israel Ariza
|
0-0: Ball 1-0: Ground out 4-3 (Groundball, 4S, EV 76.9 MPH)
|
| Bottom of the 7th over - 0 runs, 1 hit, 0 errors, 1 left on base; Clemson University 3 - Washington State University 6 |
| TOP OF THE 8TH |
|
Clemson University Tigers batting - Pitching for Washington State University Cougars : LHP Scott Bradley
|
|
Pitching: RHP Randolph Batten
|
|
|
Batting: RHB Josh LeSage
|
0-0: Foul Ball, location: 2F 0-1: Ball 1-1: Fly out, F8 (Flyball, 8RM, EV 73.8 MPH)
|
|
Batting: RHB Marco Maggs
|
0-0: Swinging Strike 0-1: SINGLE (Line Drive, 7LS, EV 100.6 MPH)
|
|
Batting: RHB David Rhodes
|
0-0: Fly out, F5 (Flyball, 56D, EV 84.4 MPH)
|
|
Batting: LHB Steve Gates
|
0-0: Ball 1-0: Ball 2-0: Called Strike 2-1: Called Strike 2-2: Ball 3-2: Strikes out looking
|
| Top of the 8th over - 0 runs, 1 hit, 0 errors, 1 left on base; Clemson University 3 - Washington State University 6 |
| BOTTOM OF THE 8TH |
|
Washington State University Cougars batting - Pitching for Clemson University Tigers : RHP George Garrett
|
|
Batting: RHB Miguel Paredes
|
0-0: Ball 1-0: Ball 2-0: Foul Ball, location: 2F 2-1: Ball 3-1: Fly out, F9 (Flyball, 9S, EV 90.6 MPH)
|
|
Batting: LHB Rex Creswell
|
0-0: Swinging Strike 0-1: Ball 1-1: Ball 2-1: Ball 3-1: Base on Balls
|
|
Batting: RHB Ron Essink
|
0-0: Ball 1-0: Called Strike 1-1: Ground out 4-3 (Groundball, 34, EV 88.8 MPH) Rex Creswell to second
|
|
Batting: RHB Joe Weber
|
0-0: Ball 1-0: Ball 2-0: Called Strike 2-1: Foul Ball, location: 2F 2-2: Fly out, F8 (Flyball, 8RD, EV 90.0 MPH)
|
| Bottom of the 8th over - 0 runs, 0 hits, 0 errors, 1 left on base; Clemson University 3 - Washington State University 6 |
| TOP OF THE 9TH |
|
Clemson University Tigers batting - Pitching for Washington State University Cougars : RHP Randolph Batten
|
|
Pitching: RHP Arthur Scholten
|
|
|
Batting: RHB Jason Duncan
|
0-0: Foul Ball, location: 2F 0-1: Fly out, F8 (Flyball, 8RD, EV 97.5 MPH)
|
|
Batting: LHB George Jedinak
|
0-0: Ball 1-0: Ball 2-0: Ground out 4-3 (Groundball, 4, EV 101.2 MPH)
|
|
Batting: RHB Jose Rolon
|
0-0: Swinging Strike 0-1: Ball 1-1: Ground out 6-3 (Groundball, 6M, EV 80.6 MPH)
|
| Top of the 9th over - 0 runs, 0 hits, 0 errors, 0 left on base; Clemson University 3 - Washington State University 6 |
|